 Dungeon Crawl Stone Soup version 0.29.0-4-gdea44cf6ec (webtiles) character file.

Game seed: 8778383339620473718

123 qw the Chopper (level 5, -2/30 HPs)
             Began as a Tengu Warper on Aug 28, 2022.
             Slain by a gnoll
             ... wielding a +0 spear
              (4 damage)
             ... on level 3 of the Dungeon.
             The game lasted 00:00:16 (2415 turns).

qw the Chopper (Tengu Warper)                       Turns: 2415, Time: 00:00:17

Health: -2/30      AC:  6    Str: 14    XL:     5   Next: 7%
Magic:  9/9        EV: 11    Int: 13    God:
Gold:   141        SH:  0    Dex: 13    Spells: 8/8 levels left

rFire   . . .      SeeInvis +   Y - +1 hand axe
rCold   . . .      Faith    .   (no shield)
rNeg    . . .      Spirit   .   d - +0 scale mail
rPois   .          Reflect  .   (helmet restricted)
rElec   .          Harm     .   (no cloak)
rCorr   .          Rampage  .   (no gloves)
Will    .....                   (boots unavailable)
Stlth   ..........              (no amulet)
HPRegen 0.10/turn               k - ring of see invisible
MPRegen 0.11/turn               (no ring)

@: flying quickly and evasively, quick
A: beak, talons 3, nimble flight
a: no special abilities


You were on level 3 of the Dungeon.
You visited 1 branch of the dungeon, and saw 3 of its levels.

You collected 141 gold pieces.


Innate Abilities, Weirdness & Mutations

You have a beak for a mouth.
You have claws for feet.
Your magical nature lets you fly swiftly and evasively.


   Skills:
 - Level 2.0 Fighting
 + Level 5.6 Axes
 - Level 1.0 Throwing
 - Level 1.1 Armour
 - Level 2.1 Dodging
 - Level 2.0 Spellcasting
 - Level 2.4 Translocations


You had 8 spell levels left.
You didn't know any spells.
Your spell library contained the following spells:

 Spells                   Type           Power      Damage    Failure   Level
 Blink                    Tloc           14%        N/A       54%         2
 Gell's Gravitas          Tloc           7%         N/A       77%         3
 Lesser Beckoning         Tloc           7%         N/A       77%         3
 Teleport Other           Tloc           7%         N/A       77%         3
 Manifold Assault         Tloc           7%         N/A       100%        5

Inventory:

Hand Weapons
 e - a +0 mace
 Y - a +1 hand axe (weapon)
Armour
 d - a +0 scale mail (worn)
Jewellery
 k - a ring of see invisible (left hand)
Scrolls
 a - a scroll of enchant armour {unknown}
 h - a scroll of identify
Potions
 c - a potion of curing
 f - a potion of lignification {unknown}
 i - a potion of berserk rage {unknown}

Dungeon Overview and Level Annotations

Branches:
Dungeon (3/15)

Altars:


Message History

The slug dart misses you.
You hit the gnoll. Your kick misses the gnoll.
The gnoll is heavily wounded.
The gnoll hits you from afar with a +0 spear.
The gnoll barely misses you.
You hit the gnoll. Your kick misses the gnoll. Your peck misses the gnoll.
The gnoll is severely wounded.
You barely miss the rat. You hit the dart slug.
The gnoll hits you with a +0 club. The gnoll hits you but does no damage.
The gnoll barely misses you. The rat bites you but does no damage.
The dart slug bites you.
You closely miss the gnoll. Your kick misses the gnoll.
Your peck misses the gnoll.
The gnoll is severely wounded.
You hit the dart slug. x2; You barely miss the rat.
The gnoll closely misses you. The gnoll hits you but does no damage.
The gnoll hits you from afar with a +0 spear.
The rat barely misses you.
The dart slug bites you but does no damage.
You barely miss the gnoll. Your kick misses the gnoll.
The gnoll is severely wounded.
You hit the dart slug. You hit the rat. You hit the dart slug.
The gnoll hits you but does no damage. The gnoll barely misses you.
The gnoll hits you but does no damage. The rat bites you but does no damage.
The dart slug bites you but does no damage. x2
You barely miss the gnoll. You claw the gnoll.
You kill the gnoll!
You hit the dart slug. You hit the rat.
You kill the rat!
You hit the dart slug.
You kill the dart slug!
The gnoll closely misses you. x2
You have reached level 5!
Your magical nature develops, letting you fly swiftly and evasively.
You barely miss the dart slug. You claw the dart slug.
You kill the dart slug!
The gnoll closely misses you.
The gnoll hits you from afar with a +0 spear.
The gnoll hits you with a +0 spear. x2
You die...

~~. ~w $ #~# . .! ~#
..## .g ..~ ~)#..# ...
.~~ ...# .... ~~#~~
##%#####.....
~~~~..###........#
#.%.@g....####
#$...).g...#########
........#....#.<.....#
.....................#
........##..##.......#
...........###.......#
........#### #.......#
........# #.......# .
#.......#


You could see 2 gnolls.

Vanquished Creatures
  A gnoll (D:3)
  2 adders
  2 worms (D:2)
  5 dart slugs
  8 bats
  5 endoplasms
  A giant cockroach (D:1)
  10 goblins
  8 hobgoblins
  4 jackals (D:1)
  6 kobolds (D:1)
  4 quokkas
  4 ball pythons
  3 frilled lizards
  8 rats
71 creatures vanquished.

Notes
Turn   | Place    | Note
-------+----------+-------------------------------------------
     0 | D:1      | qw the Tengu Warper began the quest for the Orb.
     0 | D:1      | Reached XP level 1. HP: 12/12 MP: 4/4
     0 | D:1      | 0 ||| qw: Version: 0.1-a-89-g26bdef1
     0 | D:1      | 0 ||| qw: Game counter: 2421
     0 | D:1      | 0 ||| qw: Always use a shield: true
     0 | D:1      | 0 ||| qw: God list: Okawaru
     0 | D:1      | 0 ||| qw: Allow faded altars: false
     0 | D:1      | 0 ||| qw: Do Orc after D:15 true
     0 | D:1      | 0 ||| qw: Do second Lair branch before Depths: true
     0 | D:1      | 0 ||| qw: Lair rune preference: random
     0 | D:1      | 0 ||| qw: Plans: Normal
     0 | D:1      | 0 ||| PLANNING D:1-11
    43 | D:1      | Reached XP level 2. HP: 17/17 MP: 6/6
    85 | D:1      | Reached skill level 3 in Axes
   130 | D:1      | 130 ||| Stepping ~*~*~tactically~*~*~ (stealth).
   145 | D:1      | 145 ||| Stepping ~*~*~tactically~*~*~ (stealth).
   281 | D:1      | Found a faded altar of an unknown god.
   329 | D:1      | 329 ||| Stepping ~*~*~tactically~*~*~ (stealth).
   347 | D:1      | Reached XP level 3. HP: 20/21 MP: 7/7
   413 | D:1      | 413 ||| Stepping ~*~*~tactically~*~*~ (stealth).
   464 | D:1      | Reached skill level 4 in Axes
   892 | D:1      | 892 ||| UPGRADING to +0 scale mail.
   902 | D:1      | 902 ||| DROPPING +0 leather armour.
   903 | D:1      | 903 ||| UPGRADING to ring of see invisible.
   904 | D:1      | 904 ||| READING scroll labelled GYINEI AKACWEAMEL.
   905 | D:1      | 905 ||| READING 2 scrolls labelled SEREINIGEKA.
   906 | D:1      | 906 ||| READING scroll labelled MONYUM POIN.
   907 | D:1      | 907 ||| DROPPING scroll of blinking.
  1263 | D:2      | Reached XP level 4. HP: 26/26 MP: 8/8
  1808 | D:2      | Reached skill level 5 in Axes
  2062 | D:2      | 2062 ||| Stepping ~*~*~tactically~*~*~ (stealth).
  2314 | D:2      | 2314 ||| READING scroll labelled QOS ESHRUPNOIF.
  2315 | D:2      | 2315 ||| READING scroll labelled ILEUTH ZOZAITS.
  2316 | D:2      | 2316 ||| READING scroll labelled RIAZ OZUCAMAP.
  2317 | D:2      | 2317 ||| READING scroll labelled JOEDEU NUISO.
  2318 | D:2      | 2318 ||| READING 2 scrolls of identify.
  2318 | D:2      | 2318 ||| IDENTIFYING white potion
  2393 | D:3      | 2393 ||| Stepping ~*~*~tactically~*~*~ (hiding).
  2394 | D:3      | 2394 ||| Stepping ~*~*~tactically~*~*~ (hiding).
  2395 | D:3      | 2395 ||| Stepping ~*~*~tactically~*~*~ (hiding).
  2414 | D:3      | Gained mutation: Your magical nature lets you fly swiftly
                  | and evasively. [Tengu growth]
  2414 | D:3      | Reached XP level 5. HP: 10/30 MP: 9/9
  2414 | D:3      | HP: 6/30 [gnoll/+0 spear (4)]
  2415 | D:3      | HP: 2/30 [gnoll/+0 spear (5)]
  2415 | D:3      | Slain by a gnoll

Levels and vault maps discovered:
D:1:      dpeg_arrival_morbid_curiosity, layout_basic,
          chequers_ecumenical_altar_island, minmay_misc_feat_encased,
          minmay_tromino_v4_c
D:2:      layout_loops_corners
D:3:      kennysheep_slugbush, layout_rooms, mainiacjoe_overflow_24_doors,
          amethyst_overflow_temple_binary

Skill      XL: |  1  2  3  4 |
---------------+-------------+-----
Axes           | 3 4 5 |  5.6
Fighting       | |  2.0
Throwing       | |  1.0
Armour         | |  1.1
Dodging        | |  2.1
Spellcasting   | |  2.0
Translocations | |  2.4

Action                   |  1- 3 |  4- 6 || total
-------------------------+-------+-------++-------
Melee: Hand axe          |    92 |    67 ||   159
       Kick              |    21 |    18 ||    39
       Peck              |    10 |    10 ||    20
       Punch             |     1 |       ||     1
Throw: Boomerang         |     7 |       ||     7
  Use: Scroll            |     3 |     5 ||     8
Armor: Leather armour    |     8 |       ||     8
       Scale mail        |    16 |    29 ||    45
Dodge: Dodged            |    44 |    39 ||    83

Table legend:
 A = Non-vault XP
 B = Vault XP
 C = Vault XP percentage of total XP
 D = Non-vault monster count
 E = Vault monster count
 F = Vault count percentage of total count
                 A         B        C        D         E       F
            +---------+---------+-------+---------+---------+-------
      Total |     148 |      28 |  15.9 |      61 |      10 |  14.1
            +---------+---------+-------+---------+---------+-------
        D:1 |      43 |      12 |  21.8 |      26 |       6 |  18.8
        D:2 |      72 |       0 |   0.0 |      30 |       0 |   0.0
        D:3 |      33 |      16 |  32.7 |       5 |       4 |  44.4
            +---------+---------+-------+---------+---------+-------
